 Dungeon Crawl Stone Soup version 0.22-a0-772-gac08f70 (webtiles) character file.

380 Mamutox the Skirmisher (level 6, -11/67 HPs)
             Began as an Ogre Chaos Knight on July 17, 2018.
             Killed by divine providence
             ... invoked by an orc priest
              (14 damage)
             ... on level 4 of the Dungeon.
             The game lasted 00:11:13 (4142 turns).

Mamutox the Skirmisher (Ogre Chaos Knight)          Turns: 4142, Time: 00:11:14

Health: -11/67     AC:  5    Str: 22    XL:     6   Next: 75%
Magic:  6/6        EV: 10    Int: 13    God:    Xom [..*...]
Gold:   95         SH:  0    Dex: 10    Spells: 5/5 levels left

rFire    . . .     SeeInvis .   a - +0 hand axe (chaos)
rCold    + . .     Gourm    .   (no shield)
rNeg     . . .     Faith    .   b - +2 robe
rPois    .         Spirit   .   (helmet restricted)
rElec    .         Reflect  .   (no cloak)
rCorr    .         Harm     .   (gloves unavailable)
MR       .....                  (boots unavailable)
Stlth    +.........             x - amulet of regeneration
HPRegen  0.61/turn              l - ring of protection from cold
MPRegen  0.10/turn              r - +5 ring of strength

@: no status effects
A: large, unfitting armour, tough skin 1
a: Renounce Religion


You were on level 4 of the Dungeon.
You worshipped Xom.
You were a toy of Xom.
You were not hungry.

You visited 1 branch of the dungeon, and saw 4 of its levels.

You collected 95 gold pieces.

Inventory:

Hand Weapons
 a - a +0 hand axe of chaos (weapon)
 t - a +0 hunting sling
Missiles
 e - 34 poisoned needles
 f - 3 large rocks (quivered)
Armour
 b - a +2 robe (worn)
Jewellery
 l - a ring of protection from cold (left hand)
 r - a +5 ring of strength (right hand)
 x - an amulet of regeneration (around neck)
Wands
 j - a wand of flame (45)
 m - a wand of random effects (17)
 v - a wand of scattershot (6)
Scrolls
 g - 2 scrolls of enchant armour
 h - a scroll of amnesia
 i - a scroll of remove curse
 k - a scroll of teleportation
Potions
 d - 3 potions of curing
 n - 4 potions of heal wounds
 o - a potion of might
 p - a potion of mutation
Comestibles
 c - 9 rations


   Skills:
 + Level 5.9 Fighting
 + Level 5.6 Axes
 - Level 1.0 Throwing
 - Level 3.2 Dodging
 - Level 0.7 Stealth


You had 5 spell levels left.
You didn't know any spells.
Your spell library contained the following spells:

 Spells                   Type           Power        Failure   Level  Hunger
 Confuse                  Hex            #.......     67%         3    ####...
 Confusing Touch          Hex            #.....       30%         1    ##.....
 Metabolic Englaciation   Hex/Ice        #.........   100%        5    ######.
 Petrify                  Tmut/Erth      #.......     97%         4    #####..
 Gell's Gravitas          Tloc           #.........   67%         3    ####...
 Yara's Violent Unravell  Hex/Tmut       #.........   100%        5    ######.


Dungeon Overview and Level Annotations

Branches:
Dungeon (4/15)             Temple (0/1) D:4

Altars:
Xom


Innate Abilities, Weirdness & Mutations

You are too large for most types of armour.
You have tough skin. (AC +1)


Message History

Beogh smites you!
* * * LOW HITPOINT WARNING * * *
You hit the orc but do no damage.
The orc is almost dead.
You hit the orc priest but do no damage.
The orc priest is poisoned.
You hit the orc priest but do no damage.
The orc hits you with a club.
* * * LOW HITPOINT WARNING * * *
The orc priest hits you with a dagger!
* * * LOW HITPOINT WARNING * * *
The orc hits you with a club.
* * * LOW HITPOINT WARNING * * *
The orc priest calls upon Beogh to heal the orc.
The orc is healed somewhat.
The orc stops moving altogether!
The orc priest mumbles some strange prayers to Beogh against you.
Beogh smites you!
You die...
Xom is highly amused!

..#....#....#
..#....#....#....#.......
..#....#....# ... .......
###############'##.......
#......................
#...................... #
#...................... #
#...............o...<..
###.............@.o.l....
....##+####'######o###...
###......#.....# ... #
#......#.....# ...# #
#......'.....# ...#
#......#.....# ...#
#......#.....# ...#
################ ####
..###


You could see 2 orc priests, an orc (petrified) and a leopard gecko.

Vanquished Creatures
  A crimson imp (D:3)
  Crazy Yiuf (D:2)
  An orc priest (D:4)
  A hound (D:4)
  An orc wizard (D:4)
  Jessica (D:2)
  Terence (D:3)
  A worker ant (D:4)
  Robin (D:3)
  4 adders
  4 worms
  3 leopard geckos
  5 orcs (D:4)
  7 bats
  6 giant cockroaches
  20 goblins
  7 hobgoblins
  11 jackals
  4 kobolds
  3 quokkas
  2 frilled lizards
  8 rats
  2 fungi (D:2)
95 creatures vanquished.

Notes
Turn   | Place    | Note
-------+----------+-------------------------------------------
     0 | D:1      | Mamutox the Ogre Chaos Knight began the quest for the Orb.
     0 | D:1      | Reached XP level 1. HP: 24/24 MP: 1/1
    21 | D:1      | XOM: silly message
    78 | D:1      | Reached XP level 2. HP: 32/32 MP: 2/2
   601 | D:1      | Reached XP level 3. HP: 39/40 MP: 3/3
   726 | D:2      | Noticed Terence
   738 | D:2      | XOM: harmless Ice miscast
   763 | D:2      | XOM: summons 2 hostile shadow creatures
  1065 | D:2      | Noticed Jessica
  1070 | D:2      | Killed Jessica
  1070 | D:2      | Reached XP level 4. HP: 46/49 MP: 4/4
  1132 | D:2      | XOM: harmless Ice miscast
  1311 | D:2      | Reached skill level 5 in Fighting
  1657 | D:2      | XOM: scenery: create altars
  1784 | D:2      | Found a runed door.
  1790 | D:2      | Noticed Crazy Yiuf
  1796 | D:2      | Killed Crazy Yiuf
  1796 | D:2      | Reached XP level 5. HP: 55/57 MP: 5/5
  2432 | D:3      | Killed Terence
  2848 | D:3      | Reached XP level 6. HP: 58/66 MP: 6/6
  2853 | D:3      | Noticed Robin
  2862 | D:3      | XOM: harmless Ice miscast
  2888 | D:3      | Killed Robin
  2888 | D:3      | Reached skill level 1 in Throwing
  2891 | D:3      | Reached skill level 5 in Axes
  3240 | D:3      | XOM: severe Summ miscast
  3241 | D:3      | Noticed a red devil
  3241 | D:3      | Noticed a ynoxinul
  3243 | D:3      | Noticed an ice devil
  3243 | D:3      | a red devil changed into an ice devil
  3243 | D:3      | XOM: polymorph red devil -> ice devil
  4004 | D:4      | Found a staircase to the Ecumenical Temple.
  4138 | D:4      | XOM: harmless Tloc miscast
  4141 | D:4      | HP: 3/67 [orc/club (1)]
  4142 | D:4      | Killed from afar by an orc priest

Vault maps used:
D:1:      ncdulo_smallfort
D:2:      hex_large, uniq_crazy_yiuf_cottage, uniq_terence, uniq_jessica
D:3:      kennysheep_goblin_castle, first_ration
D:4:      lemuel_doored_altar, nicolae_overflow_hidden_temple, temple_doors_e,
          serial_forest, infiniplex_forest_3_way, infiniplex_forest_corner_1,
          infiniplex_forest_end_2, infiniplex_forest_diagonal,
          infiniplex_forest_straight_2, infiniplex_forest_clump_diagonal

Skill      XL: |  1  2  3  4  5  6 |
---------------+-------------------+-----
Fighting       | 5 |  5.9
Axes           | 4 5 |  5.6
Dodging        | 3 |  3.2
Throwing       | 1 |  1.0
Stealth        | |  0.7

Action                   |  1- 3 |  4- 6 || total
-------------------------+-------+-------++-------
Melee: Hand axe          |    72 |   238 ||   310
Throw: Large rock        |       |     3 ||     3
  Use: Scroll            |       |    11 ||    11
 Stab: Paralysed         |     1 |     4 ||     5
       Petrifying        |       |     1 ||     1
       Confused          |       |     3 ||     3
       Petrified         |       |     2 ||     2
  Eat: Chunk             |       |    11 ||    11
Armor: Robe              |    57 |    90 ||   147
Dodge: Dodged            |    49 |   120 ||   169

Table legend:
 A = Spawn XP
 B = Non-spawn XP
 C = Spawn XP percentage of total XP
 D = Spawn monster count
 E = Non-spawn monster count
 F = Spawn count percentage of total count
 G = Total turns spent on level
                    A         B        C        D         E        F      G
               +---------+---------+-------+---------+---------+-------+---------
         Total |       0 |     543 |   0.0 |       0 |      93 |   0.0 |  4142
               +---------+---------+-------+---------+---------+-------+---------
           D:1 |       0 |      34 |   0.0 |       0 |      18 |   0.0 |   815
           D:2 |       0 |     142 |   0.0 |       0 |      22 |   0.0 |  1065
           D:3 |       0 |     191 |   0.0 |       0 |      42 |   0.0 |  1741
           D:4 |       0 |     176 |   0.0 |       0 |      11 |   0.0 |   521
               +---------+---------+-------+---------+---------+-------+---------
